 Dungeon Crawl Stone Soup version 0.17-b1-15-g0f5fb43 (webtiles) character file.

450 Nopony the Conjurer (level 6, 0/32 HPs)
             Began as a Deep Elf Conjurer on Nov 3, 2015.
             Killed from afar by an orc wizard (8 damage)
             ... with a magic dart
             ... on level 5 of the Dungeon.
             The game lasted 00:33:32 (4377 turns).

Nopony the Conjurer (Deep Elf Conjurer)             Turns: 4377, Time: 00:33:32

Health: 0/32       AC:  3    Str: 10    XL:     6   Next: 74%
Magic:  15/15      EV: 13    Int: 28    God:
Gold:   347        SH:  0    Dex: 15    Spells: 2 memorised, 9 levels left

rFire  . . .     SeeInvis .     (no weapon)
rCold  . . .     Clarity  .     a - +0 robe
rNeg   + . .     SustAt   .     (no shield)
rPois  +         Gourm    .     (no helmet)
rElec  +         Spirit   .     (no cloak)
rCorr  .         Warding  +     q - +0 pair of gloves
rMut   .         Stasis   .     (no boots)
MR     +....                    v - amulet "Zivvank" {Ward rElec rN+ Str+5 Int+6}
Stlth  ++........               A - ring of protection from magic (curse)
                                i - ring of poison resistance

@: somewhat resistant to hostile enchantments, unstealthy
A: no striking features
a: no special abilities


You were on level 5 of the Dungeon.
You were not hungry.

You visited 1 branch of the dungeon, and saw 5 of its levels.

You collected 347 gold pieces.

Inventory:

Missiles
 s - 2 javelins of returning (quivered)
Armour
 a - a +0 robe (worn)
 c - a +0 mottled dragon armour
 q - a +0 pair of gloves (worn)
Jewellery
 i - a ring of poison resistance (left hand)
 u - an uncursed ring of stealth
 v - the amulet "Zivvank" (around neck) {Ward rElec rN+ Str+5 Int+6}
   (You found it on level 4 of the Dungeon)

   [amulet of warding]

   It may prevent the melee attacks of summoned creatures.
   It affects your strength (+5).
   It affects your intelligence (+6).
   It insulates you from electricity.
   It protects you from negative energy.
 A - a cursed ring of protection from magic (right hand)
Wands
 r - a wand of invisibility (2)
Scrolls
 d - 2 scrolls of enchant weapon {unknown}
 j - a scroll of recharging {unknown}
 l - 2 scrolls of teleportation
 n - a scroll of amnesia
 w - a scroll of immolation {unknown}
 x - a scroll of magic mapping {unknown}
 y - a scroll of fog {unknown}
 z - 3 scrolls of remove curse {unknown}
Potions
 e - 2 potions of degeneration {unknown}
 g - a potion of heal wounds {unknown}
 h - a potion of beneficial mutation {unknown}
 k - 3 potions of curing
 m - 2 potions of lignification {unknown}
 o - 2 potions of cancellation
 p - a potion of might {unknown}
 t - a potion of agility {unknown}
 C - 2 potions of brilliance {unknown}
Books
 b - a book of Conjurations

   Spells                             Type                      Level
   a - Magic Dart                     Conjuration                  1
   b - Searing Ray                    Conjuration                  2
   c - Dazzling Spray                 Conjuration/Hexes            3
   d - Fulminant Prism                Conjuration/Hexes            4
   e - Iskenderun's Mystic Blast      Conjuration                  4
   f - Iskenderun's Battlesphere      Conjuration/Charms           5
Comestibles
 f - 2 beef jerkies
 B - a slice of pizza


   Skills:
 - Level 3.4 Dodging
 - Level 3.2 Stealth
 - Level 5.1 Spellcasting
 - Level 6.3 Conjurations
 * Level 5.3 Charms


You had 9 spell levels left.
You knew the following spells:

 Your Spells              Type           Power        Failure   Level  Hunger
a - Magic Dart            Conj           ####         1%          1    None
b - Iskenderun's Battles  Conj/Chrm      #####...     17%         5    #####..


Dungeon Overview and Level Annotations

Branches:
Dungeon (5/15)
 Temple: D:4-7

Altars:
Makhleb
Yredelemnul
Zin


Message History

There is an open door here.
You close the door.
An orc wizard opens the door.
The orc wizard casts a spell.
The orc wizard blinks!
The orc wizard hits you with a dagger.
There is an open door here.
The orc wizard casts a spell.
The orc wizard seems to speed up.
The orc wizard gestures wildly while chanting.
The orc wizard blinks!
The orc wizard points at you and mumbles some strange words.
The magic dart hits you!
The orc wizard gestures at you while chanting.
The magic dart hits you!
* * * LOW HITPOINT WARNING * * *
There is an open door here.
The orc wizard points at you and mumbles some strange words.
The magic dart hits you!
You die...

#####.....#######)##...#
####### #)##...##
#####.###...# #.....#
#...## ##.....# ##...##
#......# ##...##
#......# ##...##
#...(..# ##...##
#.##.@.# ##...# #.###'##
#...## #.# #.# ##...#
#.# #.# #...### #.# #o#
##...#. #.###'## #...#.
#...oo.##########...#.
#.........##.#........
#.........##.#........


You could see 2 orc wizards and an orc.

Vanquished Creatures
  Sigmund (D:4)
  A big kobold (D:4)
  A scorpion (D:4)
  An orc wizard (D:5)
  An iguana (D:5)
  A worker ant (D:4)
  4 adders
  2 worms
  4 orcs (D:5)
  A ball python (D:4)
  6 bats
  4 giant cockroaches
  9 hobgoblins
  5 jackals
  8 kobolds
  A giant gecko (D:5)
  2 giant newts (D:1)
  5 goblins
  7 rats
  A spectral orc (D:4)
65 creatures vanquished.

Notes
Turn   | Place    | Note
--------------------------------------------------------------
     0 | D:1      | Nopony the Deep Elf Conjurer began the quest for the Orb.
     0 | D:1      | Reached XP level 1. HP: 10/10 MP: 6/6
   149 | D:1      | Reached XP level 2. HP: 15/15 MP: 0/8
   852 | D:2      | Reached skill level 5 in Conjurations
   904 | D:2      | Found a faded altar to an unknown god.
   931 | D:2      | Reached XP level 3. HP: 19/19 MP: 7/9
  1003 | D:2      | Found a glowing silver altar of Zin.
  1901 | D:3      | Found a burning altar of Makhleb.
  1929 | D:3      | Reached XP level 4. HP: 24/24 MP: 9/11
  2662 | D:4      | Noticed Sigmund
  2668 | D:4      | Killed Sigmund
  2668 | D:4      | Reached skill level 5 in Spellcasting
  2668 | D:4      | Reached skill level 6 in Conjurations
  2668 | D:4      | Reached XP level 5. HP: 10/28 MP: 5/14
  2675 | D:4      | Learned a level 5 spell: Iskenderun's Battlesphere
  2886 | D:4      | Reached XP level 6. HP: 26/32 MP: 6/15
  3024 | D:4      | Found a basalt altar of Yredelemnul.
  3116 | D:4      | Got a coiled copper amulet
  3117 | D:4      | Identified the amulet "Zivvank" {Ward rElec rN+ Str+5 Int+6} (You found it on level 4 of the Dungeon)
  3178 | D:4      | Noticed a big kobold
  3189 | D:4      | Killed a big kobold
  3571 | D:5      | Entered Level 5 of the Dungeon
  4293 | D:5      | Reached skill level 5 in Charms
  4377 | D:5      | Killed from afar by an orc wizard

Action                   |  1- 3 |  4- 6 || total
-------------------------+-------+-------++-------
Melee: Unarmed           |     1 |       ||     1
 Cast: Magic Dart        |    95 |    77 ||   172
       Iskenderun's Batt |       |     1 ||     1
  Use: Scroll            |       |     7 ||     7
  Eat: Bread ration      |     1 |     1 ||     2
       Meat ration       |       |     1 ||     1
